SAA
SAN BERNARDINO GRASSHOPPERS @ VIRGINIA BEACH DEUCES
08/30/2022
 
TOP OF THE 1ST
San Bernardino Grasshoppers batting - Pitching for Virginia Beach Deuces : LHP Benjamin Brouwer
Pitching: LHP Benjamin Brouwer
Batting: RHB Randy Tucker 0-0: Foul Ball, location: 2F
0-1: SOLO HOME RUN (Flyball, 78XD), Distance : 436 ft
Batting: RHB José Paz 0-0: Fly out, F8 (Flyball, 8LD)
Batting: RHB Dale O'Sullivan 0-0: SINGLE (Groundball, 56D)
Batting: RHB Cal Robinson 0-0: Ball
Dale O'Sullivan steals 2nd base
1-0: Called Strike
1-1: Fly out, F6 (Line Drive, 6)
Batting: RHB Gerry Bourke 0-0: Called Strike
0-1: Ball
1-1: Ball
Wild Pitch!
Dale O'Sullivan to third
2-1: Foul Ball, location: 2F
2-2: Ball
3-2: Foul Ball, location: 2F
3-2: Strikes out swinging
Top of the 1st over - 1 run(s), 2 hit(s), 0 error(s), 1 left on base; San Bernardino 1 - Virginia Beach 0
BOTTOM OF THE 1ST
Virginia Beach Deuces batting - Pitching for San Bernardino Grasshoppers : RHP Enrique García
Pitching: RHP Enrique García
Batting: RHB Herman Cook 0-0: Ball
1-0: Ball
2-0: Called Strike
2-1: SINGLE (Line Drive, 56D)
Batting: RHB Peter Baker 0-0: Ball
1-0: Ball
2-0: SINGLE (Groundball, 6M)
Herman Cook to second
Batting: RHB José Ramírez 0-0: Ball
1-0: Ball
2-0: Ball
3-0: Called Strike
3-1: Foul Ball, location: 2F
3-2: Foul Ball, location: 2F
3-2: Foul Ball, location: 2F
3-2: Fly out, F8 (Flyball, 8RXD)
Runner from 2nd tags up, SAFE at 3rd, no throw
Batting: LHB Salvadaro Meireles 0-0: Called Strike
0-1: Ground out 3-1 (Groundball, 34S)
Herman Cook scores
Peter Baker to second
Batting: SHB Esteban Márquez 0-0: Ball
Wild Pitch!
Peter Baker to third
1-0: Ball
2-0: Foul Ball, location: 2F
2-1: Foul Ball, location: 2F
2-2: Ball
3-2: Foul Ball, location: 2F
3-2: Base on Balls
Batting: RHB José Bravo 0-0: Called Strike
0-1: Ball
1-1: Foul Ball, location: 2F
1-2: Ball
2-2: Ground out 5-3 (Groundball, 56S)
Bottom of the 1st over - 1 run(s), 2 hit(s), 0 error(s), 2 left on base; San Bernardino 1 - Virginia Beach 1
TOP OF THE 2ND
San Bernardino Grasshoppers batting - Pitching for Virginia Beach Deuces : LHP Benjamin Brouwer
Batting: LHB Roberto Marino 0-0: Ball
1-0: Called Strike
1-1: Ground out 5-3 (Groundball, 56S)
Batting: RHB Henry Cameron 0-0: Ground out 4-3 (Groundball, 4)
Batting: RHB Pepe Méndez 0-0: Ground out 3-1 (Groundball, 34)
Top of the 2nd over - 0 run(s), 0 hit(s), 0 error(s), 0 left on base; San Bernardino 1 - Virginia Beach 1
BOTTOM OF THE 2ND
Virginia Beach Deuces batting - Pitching for San Bernardino Grasshoppers : RHP Enrique García
Batting: SHB José Quintero 0-0: Called Strike
0-1: Called Strike
0-2: Foul Ball, location: 2F
0-2: Ball
1-2: Ground out U3 (Groundball, 3L)
Batting: LHB Stephen Baird 0-0: Ground out 1-3 (Groundball, 13)
Batting: RHB Dana Akers 0-0: Ball
1-0: Called Strike
1-1: Ball
2-1: Ball
3-1: Foul Ball, location: 2F
3-2: Foul Ball, location: 2F
3-2: Ground out 4-3 (Groundball, 4M)
Bottom of the 2nd over - 0 run(s), 0 hit(s), 0 error(s), 0 left on base; San Bernardino 1 - Virginia Beach 1
TOP OF THE 3RD
San Bernardino Grasshoppers batting - Pitching for Virginia Beach Deuces : LHP Benjamin Brouwer
Batting: RHB Iván Miranda 0-0: Swinging Strike
0-1: SINGLE (Line Drive, 78S)
Batting: RHB Randy Tucker 0-0: SINGLE (Groundball, 6MD)
Iván Miranda to second
Batting: RHB José Paz 0-0: Ball
1-0: Grounds into double play, 5-4-3 (Groundball, 56)
Iván Miranda to third
Batting: RHB Dale O'Sullivan 0-0: Called Strike
0-1: Ball
1-1: Ball
2-1: Foul Ball, location: 2F
2-2: Strikes out swinging
Top of the 3rd over - 0 run(s), 2 hit(s), 0 error(s), 1 left on base; San Bernardino 1 - Virginia Beach 1
BOTTOM OF THE 3RD
Virginia Beach Deuces batting - Pitching for San Bernardino Grasshoppers : RHP Enrique García
Batting: RHB Herman Cook 0-0: Ball
1-0: Ball
2-0: Foul Ball, location: 2F
2-1: Ball
3-1: Foul Ball, location: 2F
3-2: Base on Balls
Batting: RHB Peter Baker 0-0: Called Strike
0-1: Ball
1-1: Ball
2-1: Called Strike
2-2: Ground out 3-1 (Groundball, 34)
Herman Cook to second
Batting: RHB José Ramírez 0-0: Swinging Strike
0-1: Swinging Strike
0-2: Foul Ball, location: 2F
0-2: Strikes out looking
Batting: LHB Salvadaro Meireles 0-0: Called Strike
0-1: Called Strike
0-2: Ground out 4-3 (Groundball, 4)
Bottom of the 3rd over - 0 run(s), 0 hit(s), 0 error(s), 1 left on base; San Bernardino 1 - Virginia Beach 1
TOP OF THE 4TH
San Bernardino Grasshoppers batting - Pitching for Virginia Beach Deuces : LHP Benjamin Brouwer
Batting: RHB Cal Robinson 0-0: Ball
1-0: Ball
2-0: Ground out 4-3 (Groundball, 34)
Batting: RHB Gerry Bourke 0-0: Foul Ball, location: 2F
0-1: Called Strike
0-2: Ball
1-2: Ball
2-2: Fly out, F4 (Line Drive, 4)
Batting: LHB Roberto Marino 0-0: Foul Ball, location: 2F
0-1: Swinging Strike
0-2: Strikes out looking
Top of the 4th over - 0 run(s), 0 hit(s), 0 error(s), 0 left on base; San Bernardino 1 - Virginia Beach 1
BOTTOM OF THE 4TH
Virginia Beach Deuces batting - Pitching for San Bernardino Grasshoppers : RHP Enrique García
Batting: SHB Esteban Márquez 0-0: Ball
1-0: Ball
2-0: Called Strike
2-1: Ball
3-1: Fly out, F9 (Flyball, 9LMF)
Batting: RHB José Bravo 0-0: Ball
1-0: Ground out 5-3 (Groundball, 5)
Batting: SHB José Quintero 0-0: Ball
1-0: Ball
2-0: Ball
3-0: Called Strike
3-1: Fly out, F9 (Line Drive, 89M)
Bottom of the 4th over - 0 run(s), 0 hit(s), 0 error(s), 0 left on base; San Bernardino 1 - Virginia Beach 1
TOP OF THE 5TH
San Bernardino Grasshoppers batting - Pitching for Virginia Beach Deuces : LHP Benjamin Brouwer
Batting: RHB Henry Cameron 0-0: Called Strike
0-1: Foul Ball, location: 2F
0-2: Ball
1-2: Foul Ball, location: 2F
1-2: Strikes out swinging
Batting: RHB Pepe Méndez 0-0: Called Strike
0-1: Foul Ball, location: 2F
0-2: Ball
1-2: Ball
2-2: Strikes out swinging
Batting: RHB Iván Miranda 0-0: SINGLE (Line Drive, 56D)
Batting: RHB Randy Tucker 0-0: Ball
1-0: Ball
2-0: Fly out, F9 (Flyball, 9S)
Top of the 5th over - 0 run(s), 1 hit(s), 0 error(s), 1 left on base; San Bernardino 1 - Virginia Beach 1
BOTTOM OF THE 5TH
Virginia Beach Deuces batting - Pitching for San Bernardino Grasshoppers : RHP Enrique García
Batting: LHB Stephen Baird 0-0: Ball
1-0: Ball
2-0: Foul Ball, location: 2F
2-1: Called Strike
2-2: Foul Ball, location: 2F
2-2: Strikes out swinging
Batting: RHB Dana Akers 0-0: Foul Ball, location: 2F
0-1: Swinging Strike
0-2: Fly out, F8 (Line Drive, 8LM)
Batting: RHB Herman Cook 0-0: Called Strike
0-1: Ball
1-1: Ground out 5-3 (Groundball, 5L)
Bottom of the 5th over - 0 run(s), 0 hit(s), 0 error(s), 0 left on base; San Bernardino 1 - Virginia Beach 1
TOP OF THE 6TH
San Bernardino Grasshoppers batting - Pitching for Virginia Beach Deuces : LHP Benjamin Brouwer
Batting: RHB José Paz 0-0: Called Strike
0-1: Foul Ball, location: 2F
0-2: Ball
1-2: Ball
2-2: Foul Ball, location: 2F
2-2: Ball
3-2: Fly out, F4 (Line Drive, 4M)
Batting: RHB Dale O'Sullivan 0-0: Ball
1-0: Called Strike
1-1: Called Strike
1-2: Foul Ball, location: 2F
1-2: Fly out, F5 (Popup, 5F)
Batting: RHB Cal Robinson 0-0: Ball
1-0: Ground out 5-3 (Groundball, 56S)
Top of the 6th over - 0 run(s), 0 hit(s), 0 error(s), 0 left on base; San Bernardino 1 - Virginia Beach 1
BOTTOM OF THE 6TH
Virginia Beach Deuces batting - Pitching for San Bernardino Grasshoppers : RHP Enrique García
Batting: RHB Peter Baker 0-0: Called Strike
0-1: Called Strike
0-2: Foul Ball, location: 2F
0-2: Ball
1-2: Strikes out swinging
Batting: RHB José Ramírez 0-0: Ball
1-0: SINGLE (Line Drive, 4MD)
Batting: LHB Salvadaro Meireles 0-0: Called Strike
0-1: Ball
1-1: Foul Ball, location: 2F
1-2: Foul Ball, location: 2F
1-2: Ground out U3 (Groundball, 3S)
José Ramírez to second
Batting: SHB Esteban Márquez 0-0: 2-RUN HOME RUN (Flyball, 9LD), Distance : 364 ft
Batting: RHB José Bravo 0-0: Ball
1-0: Fly out, F8 (Flyball, 8RM)
Bottom of the 6th over - 2 run(s), 2 hit(s), 0 error(s), 0 left on base; San Bernardino 1 - Virginia Beach 3
TOP OF THE 7TH
San Bernardino Grasshoppers batting - Pitching for Virginia Beach Deuces : LHP Benjamin Brouwer
Batting: RHB Gerry Bourke 0-0: Ball
1-0: Ground out 1-3 (Groundball, 13)
Batting: LHB Roberto Marino 0-0: Ball
1-0: Ground out 3-1 (Groundball, 3L)
Batting: RHB Henry Cameron 0-0: Foul Ball, location: 2F
0-1: Ball
1-1: Foul Ball, location: 2F
1-2: Ground out 6-3 (Groundball, 6)
Top of the 7th over - 0 run(s), 0 hit(s), 0 error(s), 0 left on base; San Bernardino 1 - Virginia Beach 3
BOTTOM OF THE 7TH
Virginia Beach Deuces batting - Pitching for San Bernardino Grasshoppers : RHP Enrique García
Batting: SHB José Quintero 0-0: Ball
1-0: Ball
2-0: Ball
3-0: Called Strike
3-1: Base on Balls
Batting: LHB Stephen Baird 0-0: Bunt missed!
0-1: Bunted foul
0-2: Fly out, F9 (Flyball, 9D)
Pitching: RHP Steven Jones
Batting: RHB Dana Akers 0-0: Called Strike
0-1: Swinging Strike
0-2: Ball
1-2: Foul Ball, location: 2F
1-2: Fly out, F2 (Popup, 2LF)
Batting: RHB Herman Cook 0-0: Ball
1-0: Called Strike
1-1: SINGLE (Groundball, 4M)
José Quintero to second
Runner from 2nd tries for 3rd, SAFE, throw made to third
Herman Cook to second
Batting: RHB Peter Baker 0-0: Ball
1-0: SINGLE (Groundball, 6M)
José Quintero scores
Herman Cook to third
Runner from 3rd tries for Home, SAFE, no throw or cutoff
Batting: RHB José Ramírez 0-0: Swinging Strike
0-1: Called Strike
0-2: Ball
1-2: Foul Ball, location: 2F
1-2: Ball
2-2: Foul Ball, location: 2F
2-2: Ground out 5-3 (Groundball, 5L)
Bottom of the 7th over - 2 run(s), 2 hit(s), 0 error(s), 1 left on base; San Bernardino 1 - Virginia Beach 5
TOP OF THE 8TH
San Bernardino Grasshoppers batting - Pitching for Virginia Beach Deuces : LHP Benjamin Brouwer
Batting: RHB Pepe Méndez 0-0: Called Strike
0-1: Ball
1-1: Swinging Strike
1-2: Foul Ball, location: 2F
1-2: Ball
2-2: Ball
3-2: Strikes out swinging
Batting: RHB Iván Miranda 0-0: Called Strike
0-1: Foul Ball, location: 2F
0-2: Foul Ball, location: 2F
0-2: Strikes out swinging
Batting: RHB Randy Tucker 0-0: Foul Ball, location: 2F
0-1: Swinging Strike
0-2: Foul Ball, location: 2F
0-2: Ball
1-2: Foul Ball, location: 2F
1-2: Ground out 6-3 (Groundball, 56)
Top of the 8th over - 0 run(s), 0 hit(s), 0 error(s), 0 left on base; San Bernardino 1 - Virginia Beach 5
BOTTOM OF THE 8TH
Virginia Beach Deuces batting - Pitching for San Bernardino Grasshoppers : RHP Steven Jones
Batting: LHB Salvadaro Meireles 0-0: Ball
1-0: Ball
2-0: Ball
3-0: Called Strike
3-1: Called Strike
3-2: Ground out U3 (Groundball, 3S)
Batting: SHB Esteban Márquez 0-0: Ball
1-0: Ball
2-0: Ball
3-0: Called Strike
3-1: Foul Ball, location: 2F
3-2: Base on Balls
Batting: RHB José Bravo 0-0: Called Strike
0-1: Ball
1-1: Foul Ball, location: 2F
1-2: Strikes out looking
Batting: SHB José Quintero 0-0: Ball
1-0: Called Strike
1-1: Ball
2-1: Fly out, F9 (Line Drive, 9M)
Bottom of the 8th over - 0 run(s), 0 hit(s), 0 error(s), 1 left on base; San Bernardino 1 - Virginia Beach 5
TOP OF THE 9TH
San Bernardino Grasshoppers batting - Pitching for Virginia Beach Deuces : LHP Benjamin Brouwer
Batting: RHB José Paz 0-0: Ball
1-0: Fly out, F8 (Flyball, 8LM)
Batting: RHB Dale O'Sullivan 0-0: SINGLE (Groundball, 4M)
Batting: RHB Cal Robinson 0-0: Fly out, F8 (Line Drive, 8RD)
Runner from 1st tags up, SAFE at 2nd
Batting: RHB Gerry Bourke 0-0: Ball
1-0: Ball
2-0: Ball
3-0: Base on Balls
Pitching: RHP Jesús González
Batting: LHB Roberto Marino 0-0: Ball
1-0: Ground out 3-1 (Groundball, 34)
Top of the 9th over - 0 run(s), 1 hit(s), 0 error(s), 2 left on base; San Bernardino 1 - Virginia Beach 5
This league is powered by Out of the Park Baseball, the baseball management simulation game for PC, Mac and Linux
Friday, April 15th, 2016 - OOTP Baseball 16.9 Build 39